[Event "Paul Kerese Mälestusfestival 2022 Välkturniir"]
[Site "Paul Kerese Mälestusfestival 2022 Kiirturniir"]
[Date "????.??.??"]
[Round "8.7"]
[White "Teelem, Lauri"]
[Black "Golubovskis, Maksims"]
[Result "0-1"]
[TimeControl "3 min + 2 sek iga käigu eest"]
[WhiteElo "2012"]
[BlackElo "2163"]

1. d4 Nf6 2. c4 e6 3. Nc3 Bb4 4. a3 Bxc3+ 5. bxc3 d6 6. f3 O-O 7. e4 Nbd7 8. Bd3 e5 9. Ne2 a5 10. O-O Qe7 11. Ng3 Nb6 12. Rb1 Be6 13. Qe2 a4 14. Be3 Bc8 15. f4 Ng4 16.
Bd2 Qh4 17. h3 Qxg3 18. hxg4 Bxg4 19. Qe3 exf4 20. Rxf4 Qxe3+ 21. Bxe3 Be6 22. d5 Bc8 23. Bxb6 cxb6 24. Rxb6 Rd8 25. Kf2 Ra5 26. Ke3 f6 27. Kd4 Kf7 28. Rf1 h5 29. g3 Ke7 30. Rfb1 Rh8 31. R1b5 Rxb5 32. cxb5 h4 33. gxh4 Rxh4 34. c4 f5 35. c5 dxc5+ 36. Kxc5 fxe4 37. Be2 Rh2 38. d6+ Kd8 39. Bh5 Rxh5+ 0-1

[Event "Paul Kerese Mälestusfestival 2022 Välkturniir"]
[Site "Paul Kerese Mälestusfestival 2022 Kiirturniir"]
[Date "????.??.??"]
[Round "8.8"]
[White "Paan, Karel"]
[Black "Kraini, Juri"]
[Result "0-1"]
[TimeControl "3 min + 2 sek iga käigu eest"]
[WhiteElo "1792"]
[BlackElo "1692"]

1. Nf3 d5 2. c4 c6 3. g3 Nf6 4. Bg2 g6 5. O-O Bg7 6. d4 O-O 7. Ne5 Nbd7 8. f4 e6 9. Nc3 Qb6 10. e3 dxc4 11. Nxc4 Qc7 12.
Bd2 c5 13. dxc5 Nxc5 14. Ne5 Nfd7 15. Nxd7 Bxd7 16. Rc1 Nd3 17. Rc2 Nb4 18. Rc1 Qb6 19. Qe2 Bc6 20. a3 Bxg2 21. Kxg2 Nc6 22.
e4 Qxb2 23. Rb1 Qxa3 24. e5 b6 25. Ne4 Rfd8 26. h4 Nd4 27. Qe3 Qe7 28. h5 gxh5 29. Rh1 Nf5 30. Qe2 h4 31. g4 Ng3 32. Nxg3 hxg3 33. Kxg3 Qa3+ 34. Kg2 Rd3 0-1

[Event "Paul Kerese Mälestusfestival 2022 Välkturniir"]
[Site "Paul Kerese Mälestusfestival 2022 Kiirturniir"]
[Date "????.??.??"]
[Round "9.1"]
[White "Agrest, Evgenij"]
[Black "Bernotas, Arturs"]
[Result "1-0"]
[TimeControl "3 min + 2 sek iga käigu eest"]
[WhiteTitle "GM"]
[BlackTitle "FM"]
[WhiteElo "2574"]
[BlackElo "2382"]

1. Nf3 Nf6 2. b3 d5 3. Bb2 e6 4.
e3 c5 5.
c4 Nc6 6. cxd5 exd5 7. Nc3 Be7 8. Rc1 Bg4 9. Be2 d4 10. Na4 d3 11. Bf1 Ne4 12. h3 Bh5 13. g4 Bg6 14. Bg2 h5 15.
Ne5 Bh4 16. O-O Nxe5 17. Bxe5 hxg4 18. Qxg4 Nxd2 19. Rfd1 Bh5 20. Qxg7 1-0

[Event "Paul Kerese Mälestusfestival 2022 Välkturniir"]
[Site "Paul Kerese Mälestusfestival 2022 Kiirturniir"]
[Date "????.??.??"]
[Round "9.2"]
[White "Maiorov, Nikita"]
[Black "Agafonov, Yuri"]
[Result "0-1"]
[TimeControl "3 min + 2 sek iga käigu eest"]
[WhiteTitle "GM"]
[WhiteElo "2417"]
[BlackElo "1913"]

1. d4 Nf6 2. c4 g6 3. g3 Bg7 4. Bg2 O-O 5. Nc3 d6 6.
Nf3 Nc6 7. O-O e5 8. d5 Ne7 9. e4 h6 10. Ne1 c6 11. Nd3 cxd5 12. cxd5 a6 13. a4 Bd7 14. Bd2 Qb6 15. Ra2 Rfc8 16.
Be3 Qd8 17. a5 Ng4 18. Bd2 f5 19. f3 Nf6 20. Be3 Qe8 21. Qd2 Kh7 22. Kh1 Bb5 23. Re1 Rc7 24. Raa1 Rac8 25. Bb6 Rc4 26.
Rac1 h5 27. Nf2 Bh6 28. Be3 Bxe3 29. Qxe3 Bd7 30. Nh3 Kg7 31. Ng5 fxe4 32. fxe4 Ng4 33. Qe2 Ng8 34. Rf1 N8f6 35. Qf3 Qe7 36. h3 Nh6 37. Qe3 Rf8 38. Rc2 Ba4 39. Rcf2 Bd7 40. Qb6 Bc8 41.
Rf3 Nhg8 42. Qe3 Rb4 43. Qe2 Qc7 44. Ne6+ Bxe6 45. dxe6 Qxa5 46. Nd5 Rxe4 47. Qd3 Rd4 48. Qb3 Qxd5 49. Rxf6 Qxb3 50. Rxf8 Qxe6 51. Rb8 Rb4 52.
Rd1 e4 53. Rd8 Rxb2 54. R8xd6 Qc4 55.
R6d4 Qe2 56. Rd7+ Kh6 57. Rg1 Nf6 0-1

[Event "Paul Kerese Mälestusfestival 2022 Välkturniir"]
[Site "Paul Kerese Mälestusfestival 2022 Kiirturniir"]
[Date "????.??.??"]
[Round "9.3"]
[White "Chukavin, Kirill"]
[Black "Mikko, Rondo"]
[Result "1-0"]
[TimeControl "3 min + 2 sek iga käigu eest"]
[WhiteTitle "FM"]
[WhiteElo "2280"]
[BlackElo "1933"]

1. e4 e5 2. Nf3 Nc6 3. Nc3 Nf6 4. Be2 Be7 5. d4 exd4 6. Nxd4 d6 7. Be3 Nxd4 8. Qxd4 O-O 9. f3 Nd7 10. O-O Nb6 11. Rad1 f5 12. a4 Bf6 13.
Qd2 Bxc3 14. Qxc3 fxe4 15. a5 Nd7 16. fxe4 Rxf1+ 17. Rxf1 Ne5 18. Bc4+ Kh8 19. Bd4 Qe8 20. Bxe5 dxe5 21.
Qxe5 Qd8 22. Rf7 1-0

[Event "Paul Kerese Mälestusfestival 2022 Välkturniir"]
[Site "Paul Kerese Mälestusfestival 2022 Kiirturniir"]
[Date "????.??.??"]
[Round "9.4"]
[White "Golubovskis, Maksims"]
[Black "Valdats, Reinis"]
[Result "1-0"]
[TimeControl "3 min + 2 sek iga käigu eest"]
[WhiteElo "2163"]
[BlackElo "1427"]

1. e4 c5 2. Nf3 e6 3.
d4 cxd4 4. Nxd4 Nc6 5. Nc3 Qc7 6. Be3 a6 7. Be2 Nf6 8. O-O Bb4 9. Na4 b5 10. Nb6 Rb8 11. Nxc8 Rxc8 12. c3 Be7 13. Nxc6 Qxc6 14.
Bf3 Nxe4 15. Qd4 d5 16. Bxe4 Bf6 17.
Bxd5 Bxd4 18. Bxc6+ Rxc6 19. Bxd4 O-O 20. a4 Rb8 21. axb5 Rxb5 22. Ra2 h6 23. Rfa1 Rc8 24. g3 Rcb8 25. b4 e5 26. Bc5 Rd8 27. Rxa6 Rd3 28. Rb6 Rxb6 29. Bxb6 Rxc3 30. Bc5 Rb3 31. Ra7 e4 32. Re7 f5 33.
g4 f4 34. Rxe4 f3 35. h4 Rb1+ 36. Kh2 Kh7 37. Kg3 Rb3 38. Re3 Rb1 39. Rxf3 Kg6 40.
h5+ Kh7 41. Rf7 Kg8 42. Rb7 1-0

[Event "Paul Kerese Mälestusfestival 2022 Välkturniir"]
[Site "Paul Kerese Mälestusfestival 2022 Kiirturniir"]
[Date "????.??.??"]
[Round "9.5"]
[White "Rezniks, Roberts"]
[Black "Olde, Margareth"]
[Result "0-1"]
[TimeControl "3 min + 2 sek iga käigu eest"]
[BlackTitle "WIM"]
[WhiteElo "1433"]
[BlackElo "1971"]

1. e4 d6 2. d4 Nf6 3. Nc3 e5 4. d5 Be7 5. Be3 c6 6. Nf3 Ng4 7. Qd2 Nxe3 8.
Qxe3 Qb6 9. Qxb6 axb6 10. h4 b5 11. O-O-O b4 12. Ne2 Rxa2 13. Ng3 Ra1+ 14. Kd2 Rxd1+ 15. Kxd1 Bg4 16. Be2 Bxf3 17. Bxf3 Nd7 18. Nf5 g6 19. Ne3 O-O 20. Kd2 Ra8 21. b3 Nb6 22. h5 Bg5 23. dxc6 bxc6 24. Kd3 Bxe3 25. Kxe3 Kf8 26. hxg6 hxg6 27. Rh8+ Ke7 28. Rxa8 Nxa8 29. Kd3 Nb6 30. Bg4 d5 31. f3 Kd6 32. g3 Nd7 33. exd5 cxd5 34.
c4 f5 35. Bh3 Kc5 36. cxd5 Kxd5 37. g4 f4 38. g5 Nc5+ 39. Kc2 Ne6 40. Bf1 Nxg5 41. Bd3 Nxf3 42. Bxg6 Nd4+ 43. Kb2 f3 44. Bd3 Ne2 45. Kc2 Kd4 46. Kc3+ 0-1

[Event "Paul Kerese Mälestusfestival 2022 Välkturniir"]
[Site "Paul Kerese Mälestusfestival 2022 Kiirturniir"]
[Date "????.??.??"]
[Round "9.6"]
[White "Kraini, Juri"]
[Black "Krilovs, Nikolajs"]
[Result "0-1"]
[TimeControl "3 min + 2 sek iga käigu eest"]
[WhiteElo "1692"]
[BlackElo "1971"]

1. e4 c5 2. Nf3 e6 3. c3 d5 4. e5 Nc6 5. d4 cxd4 6.
cxd4 Qb6 7. Nc3 Bb4 8. Be3 Nge7 9. Bd3 g6 10. g4 h5 11. gxh5 Rxh5 12. Qd2 Bd7 13. O-O-O Rc8 14. Kb1 Bxc3 15.
Qxc3 Nxe5 16. Qxc8+ Nxc8 17. Nxe5 Nd6 18. Be2 Rh4 19. Nf3 Rh8 20. Rc1 Bb5 21. Bxb5+ Qxb5 22. Ne5 Nc4 23. Nxc4 dxc4 24.
Rc3 Qf5+ 25. Ka1 b5 26. a3 Qd5 27. Rhc1 Rxh2 28. a4 a6 29. axb5 axb5 30. Ra3 b4 31. Ra7 b3 32. Ra4 Rh1 33. Raxc4 Qa5+ 0-1

[Event "Paul Kerese Mälestusfestival 2022 Välkturniir"]
[Site "Paul Kerese Mälestusfestival 2022 Kiirturniir"]
[Date "????.??.??"]
[Round "9.7"]
[White "Protassov, Vlad"]
[Black "Paikens, Reinis"]
[Result "1-0"]
[TimeControl "3 min + 2 sek iga käigu eest"]
[WhiteElo "1816"]
[BlackElo "1678"]

1. d4 d5 2. c4 c6 3. Nc3 Nf6 4.
Nf3 g6 5. g3 Bg7 6. Bg2 O-O 7.
O-O dxc4 8. e4 Nfd7 9.
Qe2 Nb6 10. a4 Bg4 11. a5 Nc8 12. Rd1 Bxf3 13. Bxf3 Bxd4 14. Bh6 Re8 15. e5 Qd7 16. Bg4 e6 17. Ne4 Bxe5 18. Rxd7 Nxd7 19. Nc5 Nf6 20. Qxe5 Nxg4 21. Qg7# 1-0

[Event "Paul Kerese Mälestusfestival 2022 Välkturniir"]
[Site "Paul Kerese Mälestusfestival 2022 Kiirturniir"]
[Date "????.??.??"]
[Round "9.8"]
[White "Petrovskis, Olegs"]
[Black "Teelem, Lauri"]
[Result "0-1"]
[TimeControl "3 min + 2 sek iga käigu eest"]
[WhiteElo "1984"]
[BlackElo "2012"]

1. d4 Nf6 2. Nf3 g6 3. c4 Bg7 4. Nc3 O-O 5. e4 d6 6. Be2 e5 7.
dxe5 dxe5 8. Qxd8 Rxd8 9.
Bg5 c6 10. Nxe5 Re8 11. f4 Na6 12. Bf3 h6 13. Bh4 g5 14.
Bg3 g4 15. Be2 Nc5 16. O-O Nfxe4 17. Nxe4 Nxe4 18. Bh4 Bxe5 19. fxe5 Rxe5 20. Bd3 Nc5 21. Bc2 Re2 22. Rac1 Be6 23. b4 Nd7 24. Bd3 Rxa2 25. Bg3 Ra4 26. Rb1 Nb6 27. Rf4 Rd8 28. Be2 h5 29. h3 Ra2 30. Re1 Rdd2 31.
Bf1 Bxc4 32. Re5 Bxf1 0-1

[Event "Paul Kerese Mälestusfestival 2022 Välkturniir"]
[Site "Paul Kerese Mälestusfestival 2022 Kiirturniir"]
[Date "????.??.??"]
[Round "10.1"]
[White "Golubovskis, Maksims"]
[Black "Agrest, Evgenij"]
[Result "1-0"]
[TimeControl "3 min + 2 sek iga käigu eest"]
[BlackTitle "GM"]
[WhiteElo "2163"]
[BlackElo "2574"]

1. Nf3 d5 2. g3 Nd7 3. d4 Nb6 4.
Bg2 Bf5 5. O-O e6 6. b3 h6 7. Bb2 c6 8. Nbd2 Nf6 9. c4 Be7 10. e3 O-O 11. Qe2 a5 12. c5 Nbd7 13. a3 Ne4 14.
Ne1 Nxd2 15. Qxd2 e5 16.
f4 exd4 17. exd4 Bf6 18. Nf3 Be4 19. Ne5 Bxg2 20. Kxg2 Bxe5 21.
fxe5 Qg5 22. Rf4 b6 23. cxb6 Nxb6 24. a4 Nc8 25. Ba3 Re8 26. Raf1 Ra7 27. Qc3 Qg6 28. h3 h5 29. Bc5 Rb7 30.
R1f3 Ne7 31. Rxf7 Qxf7 32. Rxf7 Kxf7 33. Bxe7 Kxe7 34. Qxc6 Reb8 35. Qd6+ Ke8 36. e6 g6 37. Qxd5 Rc7 38.
Kf3 Rd8 39. Qb5+ Ke7 40. Qg5+ Ke8 41. Qxg6+ Ke7 42. Qg5+ Ke8 43. Qxh5+ Ke7 44. Qg5+ Ke8 45. d5 Rc3+ 46. Ke4 Rxb3 47. Qg6+ Ke7 48. Qf7+ Kd6 49. e7 Rb4+ 50. Kf5 Rdb8 51. Qe6+ Kc5 52. e8=Q Rxe8 53. Qxe8 Rb1 54. Qc6+ Kd4 55. d6 Rf1+ 56. Kg4 Rf8 57. d7 Rg8 58. Kf5 Rf8+ 59. Qf6+ 1-0

[Event "Paul Kerese Mälestusfestival 2022 Välkturniir"]
[Site "Paul Kerese Mälestusfestival 2022 Kiirturniir"]
[Date "????.??.??"]
[Round "10.2"]
[White "Agafonov, Yuri"]
[Black "Chukavin, Kirill"]
[Result "0-1"]
[TimeControl "3 min + 2 sek iga käigu eest"]
[BlackTitle "FM"]
[WhiteElo "1913"]
[BlackElo "2280"]

1. d4 Nf6 2. Bg5 d5 3. e3 c5 4. c3 Qb6 5. Qc1 Bf5 6. Nd2 Nc6 7. Ngf3 e6 8.
Be2 Rc8 9. dxc5 Bxc5 10. Bxf6 gxf6 11. Nb3 Bd6 12. Nbd4 Be4 13. Nxc6 bxc6 14. O-O Rg8 15. Qd2 Rb8 16. b3 Ke7 17. Rfd1 Qc7 18. h3 Rg7 19. Ne1 Rbg8 20.
f3 Bf5 21. g4 h5 22. Kf1 hxg4 23. hxg4 Rh7 24. f4 Rh1+ 25. Kg2 Be4+ 26. Kf2 Rh2+ 27. Kf1 Rgh8 28. c4 Qb8 29. cxd5 Rh1+ 30. Kf2 R8h2+ 31. Kg3 Qh8 0-1

[Event "Paul Kerese Mälestusfestival 2022 Välkturniir"]
[Site "Paul Kerese Mälestusfestival 2022 Kiirturniir"]
[Date "????.??.??"]
[Round "10.3"]
[White "Olde, Margareth"]
[Black "Maiorov, Nikita"]
[Result "1-0"]
[TimeControl "3 min + 2 sek iga käigu eest"]
[WhiteTitle "WIM"]
[BlackTitle "GM"]
[WhiteElo "1971"]
[BlackElo "2417"]

1. d4 d5 2. Nf3 Nf6 3. g3 c6 4. Bg2 Bf5 5. O-O e6 6. c4 Be7 7. Nbd2 O-O 8. Re1 h6 9. Ne5 Nbd7 10. b3 Bb4 11. a3 Bc3 12.
Ra2 Bxd4 13. Nxd7 Qxd7 14. Nf3 Bb6 15.
Bb2 dxc4 16. bxc4 Qxd1 17. Rxd1 Bc2 18. Rc1 Bh7 19. Bxf6 gxf6 20. c5 Bc7 21. Rb2 Rab8 22. Nd4 Rfd8 23. e3 Be5 24. Rb4 Bc7 25. h4 e5 26. Nf3 Rd3 27. a4 Ba5 28. Rb2 Kf8 29. Ne1 Rd2 30. Rxd2 Bxd2 31.
Rd1 Bb4 32. Nd3 Rd8 33. e4 Bxc5 34.
Kf1 Bb6 35. Ke2 Rd4 36. f3 Rxa4 37.
g4 Ra2+ 38. Kf1 h5 39. Bh3 hxg4 40. Bxg4 Rh2 41. h5 Rh1+ 42. Ke2 Rxd1 43. Kxd1 Kg7 44. Nb2 Kh6 45. Nc4 Bc7 46. Kc2 Kg5 47. Ne3 Bb6 48. Nc4 f5 49. exf5 Bc7 50. Ne3 e4 51. fxe4 Kf4 52. h6 Kxe3 53. Bh5 Kxe4 54. Bg6 fxg6 55. f6 Ke5 56. f7 Bd6 1-0

[Event "Paul Kerese Mälestusfestival 2022 Välkturniir"]
[Site "Paul Kerese Mälestusfestival 2022 Kiirturniir"]
[Date "????.??.??"]
[Round "10.4"]
[White "Bernotas, Arturs"]
[Black "Protassov, Vlad"]
[Result "1/2-1/2"]
[TimeControl "3 min + 2 sek iga käigu eest"]
[WhiteTitle "FM"]
[WhiteElo "2382"]
[BlackElo "1816"]

1. e4 c6 2. d4 d5 3. exd5 cxd5 4.
Bd3 Nc6 5. c3 Nf6 6. Bf4 Bg4 7.
Qb3 Qd7 8. Nd2 e6 9. Ngf3 Bxf3 10. Nxf3 Bd6 11. Bxd6 Qxd6 12. O-O O-O 13. Rfe1 Qc7 14. Ne5 Nxe5 15. Rxe5 g6 16. h3 Rab8 17. a4 a6 18. g3 b5 19.
axb5 axb5 20. Qb4 Rb6 21. Ra5 Rfb8 22.
Re1 Ne8 23. Rea1 Nd6 24. h4 h5 25. Ra7 R8b7 26. Rxb7 Rxb7 27. Ra8+ Kg7 28. Qc5 Qd7 29. Ra6 Nc4 30. Qb4 Ra7 31.
Rxa7 Qxa7 32. b3 Qa1+ 33. Kg2 Nd2 34. Bxb5 Qb1 35. Qd6 Qxb3 36. Be8 Qd1 37. Bb5 Qf3+ 38.
Kg1 Qd1+ 39. Kg2 Qf3+ 40. Kg1 Qd1+ 41. Kg2 Qf3+ 42. Kg1 Ne4 1/2-1/2

[Event "Paul Kerese Mälestusfestival 2022 Välkturniir"]
[Site "Paul Kerese Mälestusfestival 2022 Kiirturniir"]
[Date "????.??.??"]
[Round "10.5"]
[White "Krilovs, Nikolajs"]
[Black "Dzjuba, Jegor"]
[Result "1-0"]
[TimeControl "3 min + 2 sek iga käigu eest"]
[WhiteElo "1971"]
[BlackElo "1356"]

1. Nf3 d5 2. c4 c6 3. g3 Nf6 4.
Bg2 Qc7 5. b3 e5 6. Bb2 Bd6 7. c5 Bxc5 8. Bxe5 Qe7 9. O-O Bd6 10. Bb2 O-O 11. d3 Bg4 12. Qc2 Nbd7 13. Nbd2 Ne5 14.
Rae1 Rfe8 15. Qb1 Rad8 16. Qa1 Ng6 17. h3 Bd7 18. e4 dxe4 19. dxe4 Ne5 20. Nxe5 Bxe5 21. Bxe5 Qxe5 22. Qxe5 Rxe5 23. Nc4 Re7 24. f4 Be6 25.
e5 Nd5 26. Nd6 Nb4 27. Rf2 Nd3 28. Re3 Nxf2 29. Kxf2 Red7 30. g4 Bd5 31. Bxd5 cxd5 32. Rd3 Rxd6 33. exd6 Rxd6 34. Ke3 f6 35. Kd4 Kf7 36. Rc3 Rd7 37. Rc5 Ke6 38. f5+ Kf7 39. Rxd5 Re7 40. Kc4 Rc7+ 41. Kb4 Ke7 42. Rc5 Rd7 43. Rc3 Ke8 1-0

[Event "Paul Kerese Mälestusfestival 2022 Välkturniir"]
[Site "Paul Kerese Mälestusfestival 2022 Kiirturniir"]
[Date "????.??.??"]
[Round "10.6"]
[White "Mikko, Rondo"]
[Black "Kraini, Juri"]
[Result "1/2-1/2"]
[TimeControl "3 min + 2 sek iga käigu eest"]
[WhiteElo "1933"]
[BlackElo "1692"]

1. Nf3 Nf6 2. g3 g6 3.
Bg2 Bg7 4. O-O O-O 5. c4 d5 6.
cxd5 Nxd5 7. d4 c6 8. Nc3 Nxc3 9. bxc3 Bg4 10. h3 Bxf3 11. Bxf3 Nd7 12. e4 e5 13. Rb1 Qc7 14. d5 Nc5 15. Ba3 b6 16. Bxc5 bxc5 17. d6 Qa5 18. Qd2 Rfd8 19.
Rb7 Rab8 20. Rfb1 Rxb7 21. Rxb7 Qa6 22. Rb1 Bf8 23. d7 Qc4 24. Be2 Qxe4 25. Rd1 Be7 26. Ba6 c4 27. Qe3 Qxe3 28. fxe3 Bc5 29. Kf2 Kf8 30. Bxc4 Ke7 31. Kf3 f5 32. e4 Rxd7 33. Rxd7+ Kxd7 34. Bg8 Ke7 35. Bxh7 Kf6 36. Bg8 Ba3 37. Bb3 c5 38. Bd5 Bb2 39. c4 Bd4 40. a4 Bc3 41. h4 Be1 42. Bc6 Bd2 43. Bd5 Bc3 44. Bc6 Bd4 1/2-1/2

[Event "Paul Kerese Mälestusfestival 2022 Välkturniir"]
[Site "Paul Kerese Mälestusfestival 2022 Kiirturniir"]
[Date "????.??.??"]
[Round "10.7"]
[White "Teelem, Lauri"]
[Black "Zarovs, Aleksandrs"]
[Result "1-0"]
[TimeControl "3 min + 2 sek iga käigu eest"]
[WhiteElo "2012"]
[BlackElo "1527"]

1. d4 Nf6 2. c4 e6 3.
Nc3 Bb4 4. a3 Bxc3+ 5. bxc3 d5 6.
e3 O-O 7. Bd3 b6 8. Ne2 Bb7 9. O-O Nbd7 10. cxd5 exd5 11. Ng3 c5 12. f3 Rc8 13. Ra2 Re8 14. Re2 cxd4 15. cxd4 g6 16.
e4 dxe4 17. fxe4 Qe7 18. Bg5 Qe6 19.
d5 Qd6 20. Ref2 Qc5 21. Kh1 1-0

[Event "Paul Kerese Mälestusfestival 2022 Välkturniir"]
[Site "Paul Kerese Mälestusfestival 2022 Kiirturniir"]
[Date "????.??.??"]
[Round "10.8"]
[White "Heinmets, Tõnu"]
[Black "Rezniks, Roberts"]
[Result "1-0"]
[TimeControl "3 min + 2 sek iga käigu eest"]
[WhiteElo "1939"]
[BlackElo "1433"]

1. Nf3 d5 2. d3 c5 3. g3 Nc6 4. Bg2 e5 5.
O-O Nf6 6. e4 d4 7. a4 Be6 8. Ng5 Bg4 9. f3 Bd7 10. f4 h6 11. Nf3 Bg4 12. Nbd2 Qd7 13. fxe5 Nh5 14. Nc4 O-O-O 15. Rf2 Bh3 16. Bh1 g5 17. Nxd4 Nxd4 18. Qxh5 Bg4 19. Qxf7 Be7 20. Nd6+ Kb8 21. Qd5 Bxd6 22. Qxd6+ Qxd6 23.
exd6 Rxd6 24. Kf1 Re8 25. Be3 Ne6 26.
Bg2 h5 27. h3 1-0

[Event "Paul Kerese Mälestusfestival 2022 Välkturniir"]
[Site "Paul Kerese Mälestusfestival 2022 Kiirturniir"]
[Date "????.??.??"]
[Round "11.1"]
[White "Protassov, Vlad"]
[Black "Agrest, Evgenij"]
[Result "1/2-1/2"]
[TimeControl "3 min + 2 sek iga käigu eest"]
[BlackTitle "GM"]
[WhiteElo "1816"]
[BlackElo "2574"]

1. d4 d5 2. c4 c6 3.
Nc3 Nf6 4. Nf3 e6 5. g3 Nbd7 6. Bg2 Bb4 7. Nd2 O-O 8. O-O a5 9. Qb3 Re8 10. e4 dxc4 11. Nxc4 b5 12. Ne3 Ba6 13.
Rd1 Qb6 14. a3 Bf8 15. d5 exd5 16. exd5 c5 17. d6 c4 18. Qc2 Rad8 19. Ned5 Qxd6 20. Bf4 Ne5 21. Nb4 Qe6 22. Rxd8 Rxd8 23. Nxa6 Nd3 24. Nc7 1/2-1/2

[Event "Paul Kerese Mälestusfestival 2022 Välkturniir"]
[Site "Paul Kerese Mälestusfestival 2022 Kiirturniir"]
[Date "????.??.??"]
[Round "11.2"]
[White "Maiorov, Nikita"]
[Black "Krilovs, Nikolajs"]
[Result "0-1"]
[TimeControl "3 min + 2 sek iga käigu eest"]
[WhiteTitle "GM"]
[WhiteElo "2417"]
[BlackElo "1971"]

1. d4 Nf6 2. c4 e6 3. Nf3 b6 4.
g3 Bb7 5. Bg2 Bb4+ 6. Bd2 Be7 7. O-O O-O 8. Nc3 c5 9. d5 exd5 10. Nh4 Ne4 11. Nf5 g6 12. Nxe7+ Qxe7 13. cxd5 Nxd2 14. d6 Qxd6 15. Bxb7 Nc6 16.
Bxa8 Rxa8 17. Nb5 Qd5 18. Nc7 Qd6 19. Nxa8 Ne5 20. Rc1 Qd5 21. Nc7 Nef3+ 22. exf3 Nxf3+ 23. Kh1 Qc6 24. Qd5 0-1

[Event "Paul Kerese Mälestusfestival 2022 Välkturniir"]
[Site "Paul Kerese Mälestusfestival 2022 Kiirturniir"]
[Date "????.??.??"]
[Round "11.3"]
[White "Chukavin, Kirill"]
[Black "Heinmets, Tõnu"]
[Result "1-0"]
[TimeControl "3 min + 2 sek iga käigu eest"]
[WhiteTitle "FM"]
[WhiteElo "2280"]
[BlackElo "1939"]

1. e4 d6 2. d4 Nf6 3. Nc3 e5 4. Nf3 Nbd7 5. Bc4 Be7 6. O-O O-O 7. Re1 Re8 8. Bxf7+ Kh8 9. Bxe8 Qxe8 10. Bg5 c6 11. Qd2 Qg6 12. Nh4 Qf7 13. Nf5 Bf8 14. Rad1 Nb6 15. dxe5 dxe5 16. Nd6 Qg6 17. Nxc8 Rxc8 18. Bxf6 gxf6 19. Qe3 Bh6 20.
Qf3 Rf8 21. Qf5 Qf7 22. b3 Nc8 23. Rd7 Ne7 24. Qh3 Bf4 25. Red1 Rg8 26. Rxe7 Qxe7 27. Rd7 Rg7 28. Rxe7 Rxe7 29. g3 Bd2 30. Qc8+ Kg7 31. Qd8 1-0

[Event "Paul Kerese Mälestusfestival 2022 Välkturniir"]
[Site "Paul Kerese Mälestusfestival 2022 Kiirturniir"]
[Date "????.??.??"]
[Round "11.4"]
[White "Bernotas, Arturs"]
[Black "Agafonov, Yuri"]
[Result "0-1"]
[TimeControl "3 min + 2 sek iga käigu eest"]
[WhiteTitle "FM"]
[WhiteElo "2382"]
[BlackElo "1913"]

1. e4 g6 2. h4 h6 3. h5 g5 4. d4 d6 5. Nc3 Bg7 6. Be3 Nf6 7. Be2 Nc6 8.
Qd2 Ng4 9. Bxg4 Bxg4 10. f3 Bd7 11. Nge2 a6 12. O-O-O b5 13. f4 b4 14. Nd5 e6 15. Nxb4 gxf4 16. Nxf4 Nxb4 17. Qxb4 Rb8 18.
Qa3 Qc8 19. c3 Qb7 20. d5 e5 21. Nd3 f5 22. Rhf1 O-O 23. exf5 Rxf5 24. Rxf5 Bxf5 25. Nb4 a5 26. Nc6 Re8 27. Rf1 Be4 28. Qxa5 Ra8 29.
Qb4 Qa6 30. Rd1 Bh7 31. a3 Qe2 32.
Bd2 Qd3 33. Ne7+ Kh8 0-1

[Event "Paul Kerese Mälestusfestival 2022 Välkturniir"]
[Site "Paul Kerese Mälestusfestival 2022 Kiirturniir"]
[Date "????.??.??"]
[Round "11.5"]
[White "Mikko, Rondo"]
[Black "Golubovskis, Maksims"]
[Result "1-0"]
[TimeControl "3 min + 2 sek iga käigu eest"]
[WhiteElo "1933"]
[BlackElo "2163"]

1. Nf3 Nf6 2. g3 g6 3.
Bg2 Bg7 4. O-O O-O 5. c4 c5 6.
Nc3 Nc6 7. d3 d5 8. cxd5 Nxd5 9.
Bd2 Nc7 10. a3 e5 11. Qc2 Rb8 12.
Ne4 Nd4 13. Nxd4 cxd4 14. Bb4 Re8 15.
Nd6 Re6 16. Nxc8 Rxc8 17. Bxb7 Rb8 18. Bg2 Na6 19. Bd2 Reb6 20.
b4 Rc8 21. Qa2 Nc7 22. Rac1 Nb5 23. Rxc8 Qxc8 24. Rc1 Qd8 25. Qb3 Rb8 26. a4 Nc3 27. Bxc3 dxc3 28. Rxc3 e4 29. Rc4 exd3 30. Qxd3 Qe8 31. Bc6 Qe5 32. Kg2 h5 33. Re4 Qc7 34. Qd7 Qb6 35. Re8+ Rxe8 36. Qxe8+ Kh7 37. b5 Qc7 38. Bd5 f5 39. e4 Qd6 40. Qf7 fxe4 41. Bxe4 Kh6 42. a5 Bd4 43. b6 axb6 44. a6 b5 45. a7 Bxa7 46. Qxa7 b4 47. Qb7 Qc5 48. Qc6 Qg5 49. h4 Qg4 50. f3 1-0

[Event "Paul Kerese Mälestusfestival 2022 Välkturniir"]
[Site "Paul Kerese Mälestusfestival 2022 Kiirturniir"]
[Date "????.??.??"]
[Round "11.6"]
[White "Teelem, Lauri"]
[Black "Olde, Margareth"]
[Result "0-1"]
[TimeControl "3 min + 2 sek iga käigu eest"]
[BlackTitle "WIM"]
[WhiteElo "2012"]
[BlackElo "1971"]

1. d4 d5 2. c4 e6 3. Nc3 a6 4. cxd5 exd5 5. Nf3 Be7 6. Bf4 Nf6 7. e3 c5 8. dxc5 Bxc5 9. Be2 O-O 10. O-O Nc6 11. Rc1 Be7 12. Nd4 Qb6 13. Nxc6 bxc6 14. Na4 Qb7 15. Qc2 Ne4 16. b3 Bd7 17. Bd3 f5 18. f3 Nf6 19. Bxf5 Rac8 20. Bxd7 Nxd7 21. Bg3 c5 22. Rfd1 c4 23.
Qd2 cxb3 24. Rxc8 Rxc8 25. axb3 Nf6 26. Bh4 Qxb3 27. Bxf6 Bxf6 28. Qxd5+ Qxd5 29. Rxd5 Rc1+ 30. Kf2 Ra1 31. Ra5 Ra2+ 32. Kg3 Ra3 33. e4 h5 34. Rxa6 Kf7 35. Nc5 Rc3 36. Nd7 Bd4 37. h4 Rc2 38.
e5 Bf2+ 39. Kf4 Bxh4 40. e6+ Ke7 41. Ne5 Rxg2 42. Kf5 Rg5+ 43. Ke4 Rg1 44. f4 Bf6 45.
Ng6+ Rxg6 46. Kf5 Rg1 47. Ra7+ Ke8 48. Ra8+ Bd8 49. Ra7 h4 0-1

[Event "Paul Kerese Mälestusfestival 2022 Välkturniir"]
[Site "Paul Kerese Mälestusfestival 2022 Kiirturniir"]
[Date "????.??.??"]
[Round "11.7"]
[White "Dzjuba, Jegor"]
[Black "Paikens, Reinis"]
[Result "0-1"]
[TimeControl "3 min + 2 sek iga käigu eest"]
[WhiteElo "1356"]
[BlackElo "1678"]

1. d4 d5 2. Nf3 Nf6 3. Bf4 c6 4.
e3 g6 5.
h3 Bg7 6. c3 O-O 7. Bd3 Nbd7 8. Nbd2 Ne8 9. O-O Nd6 10. e4 dxe4 11. Nxe4 Nxe4 12. Bxe4 Nf6 13. Bd3 Nd5 14. Bg3 Qb6 15. Qc2 e6 16. a4 a5 17.
Rfe1 Re8 18. h4 h5 19. Bxg6 fxg6 20. Qxg6 Rf8 21. Be5 Nf6 22. Ng5 Qxb2 23. Bd6 Bd7 24. Bxf8 Rxf8 25. Rab1 Qxc3 26. Nxe6 Bxe6 27. Rxe6 Ng4 28. Re7 Qxd4 29. Rf1 Qf6 30.
Qxf6 Bxf6 31. Rxb7 Bd4 32. Rc7 Nxf2 33. Kh2 Ng4+ 34. Kh3 Rxf1 35. Rxc6 Rh1+ 36. Kg3 Be5+ 37.
Kf3 Rf1+ 38. Ke4 Rf4+ 39. Kd5 Rxa4 40. Rg6+ Kf7 41. Rg5 Bf6 42. Rxh5 Kg6 43. Rg5+ Bxg5 44. hxg5 Kxg5 0-1

[Event "Paul Kerese Mälestusfestival 2022 Välkturniir"]
[Site "Paul Kerese Mälestusfestival 2022 Kiirturniir"]
[Date "????.??.??"]
[Round "11.8"]
[White "Petrovskis, Olegs"]
[Black "Kraini, Juri"]
[Result "0-1"]
[TimeControl "3 min + 2 sek iga käigu eest"]
[WhiteElo "1984"]
[BlackElo "1692"]

1. d4 Nf6 2. Nf3 e6 3. c4 Bb4+ 4. Bd2 a5 5. e3 O-O 6. Bd3 d5 7. O-O b6 8. cxd5 exd5 9.
Qc2 Ba6 10. Ne5 Bxd3 11. Qxd3 Nfd7 12. Nf3 Nf6 13. Rc1 Bd6 14. Nc3 c6 15. Ne2 Re8 16. Ng3 g6 17. a3 Qd7 18. b4 axb4 19.
Bxb4 Na6 20. Bxd6 Qxd6 21. Rab1 Reb8 22. Rb3 c5 23. Qc2 c4 24. Rc3 Nc7 25. Rb1 b5 26. Qb2 Ra4 27. Ne5 Rba8 28.
Ra1 b4 29. Rcc1 b3 30. Ne2 Rxa3 31. Nc3 Qb4 32. Nc6 Qd6 33. Ne5 Rxa1 34. Rxa1 Rxa1+ 35. Qxa1 Qb4 36. Qb2 Nb5 37. Nxb5 Qxb5 38. f3 Qb4 39. Qa1 b2 40. Qa8+ 0-1